 Dungeon Sprint DCSS version 0.19-a0-1886-gd64a0f0 (webtiles) character file.

16216 Phlogiston the Impaler (level 12, -6/102 HPs)
             Began as a Formicid Fighter on Oct 16, 2016.
             Was the Champion of Cheibriados.
             Killed from afar by a frost giant (32 damage)
             ... with a bolt of cold
             ... in the Dungeon (Sprint IX: "|||||||||||||||||||||||||||||").
             The game lasted 00:05:08 (2833 turns).

Phlogiston the Impaler (Formicid Fighter)           Turns: 2833, Time: 00:05:08

Health: -6/102     AC: 31    Str: 37    XL:     12   Next: 67%
Magic:  3/19       EV: 10    Int: 23    God:    Cheibriados [******]
Gold:   1236       SH: 17    Dex: 29    Spells: 0 memorised, 11 levels left

rFire  + . .     SeeInvis +     o - +2 halberd (venom)
rCold  . . .     Gourm    .     d - +10 plate armour {ponderous}
rNeg   . . .     Faith    .     c - +0 shield
rPois  +         Spirit   .     (helmet unavailable)
rElec  .         Dismiss  .     w - +0 cloak
rCorr  .         Reflect  .     r - +1 pair of gloves
MR     ++...     Harm     .     p - +0 pair of boots
Stlth  .......... Clarity  +    (no amulet)
                                B - ring of poison resistance
                                C - ring of protection from fire

@: very slow
A: permanent stasis, dig shafts and tunnels, four strong arms, antennae 3,
clarity, low mp 2, magic resistance 1, shaggy fur 1, subdued magic 1
a: Dig, Bend Time, Temporal Distortion, Slouch, Step From Time, Renounce
Religion


You were in the Dungeon.
You worshipped Cheibriados.
Cheibriados was exalted by your worship.
You were not hungry.

You visited 1 branch You collected 1900 gold pieces.
You spent 664 gold pieces at shops.

Inventory:

Hand Weapons
 o - a +2 halberd of venom (weapon)
Armour
 c - a +0 shield (worn)
 d - a +10 plate armour of ponderousness (worn)
 p - a +0 pair of boots (worn)
 r - a +1 pair of gloves (worn)
 w - a +0 cloak (worn)
Jewellery
 B - a ring of poison resistance (right hand)
 C - a ring of protection from fire (left hand)
Wands
 n - a wand of iceblast (6/15)
 q - a wand of lightning (4/15)
Scrolls
 h - 4 scrolls of enchant armour
 j - 2 scrolls of fear
 l - 5 scrolls of remove curse
 m - 2 scrolls of amnesia
 s - 2 scrolls of identify
 x - a scroll of magic mapping {unknown}
 y - 3 scrolls of enchant weapon
 A - a scroll of recharging
Potions
 a - a potion of might
 b - a potion of brilliance
 e - 7 potions of curing
 g - 11 potions of heal wounds
 i - 4 potions of magic
 k - a potion of degeneration
 z - a potion of invisibility
Comestibles
 f - 12 bread rations
 t - 40 fruits
 u - 12 meat rations


   Skills:
 + Level 12.1 Fighting
 * Level 18.3 Polearms
 + Level 11.5 Armour
 + Level 1.4 Dodging
 + Level 13.5 Shields
 * Level 17.9 Invocations


You had 11 spell levels left.
You didn't know any spells.

Dungeon Overview and Level Annotations

Branches:
Dungeon (1/1)

Altars:
Cheibriados
Dithmenos
Elyvilon
Fedhas
Gozag
Hepliaklqana
Kikubaaqudgha
Makhleb
Nemelex Xobeh
Okawaru
Qazlal
Ru
Sif Muna
Trog
Uskayaw
Vehumet
Xom
Yredelemnul
Zin
The Shining One
Beogh
Jiyva
Lugonu

Shops:
D }**[


Innate Abilities, Weirdness & Mutations

You are under a permanent stasis effect.
You can dig through walls and to a lower floor.
Your four strong arms can wield two-handed weapons with a shield.
You have a pair of large antennae on your head. (SInv)
You possess an exceptional clarity of mind.
Your magical capacity is very low. (-20% MP)
You are resistant to hostile enchantments. (MR+)
You are covered in fur. (AC +1)
Your spells are a little easier to cast, but a little less powerful.


Message History

The stone giant is almost dead.
The stone giant hits you!!
* * * LOW HITPOINT WARNING * * *
You feel much better. You block the stone giant's attack.
You impale the stone giant!!
You kill the stone giant!
Cheibriados appreciates the change of pace.
The frost giant points at you and mumbles some strange words.
The bolt of cold hits the shadow imp.
The shadow imp resists.
The bolt of cold hits you!
* * * LOW HITPOINT WARNING * * *
You slash the shadow imp!
You kill the shadow imp!
Cheibriados appreciates the change of pace.
Unknown command.
You can feel time thicken for a moment.
You feel somewhat more hungry.
The spiny frog croaks.
The frost giant casts a spell at you. The bolt of cold hits you!
You die... { { { {{{{{{{ {{{{{{{{{ {{{{{{{{{ ▓▓▓▓▓▓▓▓▓▓▓▓▓▓▓▓▓▓▓▓▓▓▓▓ [[[[..........((@)CR.F.F {{{{{

▓▓▓▓▓▓▓▓▓▓▓▓▓▓▓▓▓▓▓▓▓▓▓▓▓▓▓▓▓▓▓▓▓
........)....(...................
▓▓▓▓▓▓▓▓▓▓▓▓▓▓▓▓▓▓▓▓▓▓▓▓▓▓▓▓▓▓▓▓▓
).))))......')))[)∩.∩)∩)∩.)...'..
▓▓▓▓▓▓▓▓▓▓▓▓▓▓▓▓▓▓▓▓▓▓▓▓▓▓▓▓▓▓▓▓▓
....)............................
▓▓▓▓▓▓▓▓▓▓▓▓▓▓▓▓▓▓▓▓▓▓▓▓▓▓▓▓▓▓▓▓▓
...÷.÷÷.÷....†........)[.?'....[[


You could see a frost giant, a rakshasa and 2 spiny frogs.

Vanquished Creatures
  A stone giant (D)
  2 hydras (D)
  Harold (D)
  Erica (D)
  A death knight (D)
  4 orc high priests (D)
  A tengu warrior (D)
  A fire crab (D)
  A hill giant (D)
  2 orc knights (D)
  A harpy (shapeshifter) (D)
  2 orc sorcerers (D)
  A cyclops (D)
  An elephant (D)
  A black mamba (D)
  2 spiny frogs (D)
  A rime drake (D)
  A komodo dragon (D)
  A troll (D)
  A hippogriff (D)
  A vampire (D)
  A basilisk (D)
  A mottled dragon (D)
  2 wargs (D)
  2 water moccasins (D)
  9 orc warriors (D)
  A black bear (D)
  An ice beast (D)
  A centaur (D)
  6 wolves (D)
  3 crocodiles (D)
  5 bullfrogs (D)
  A scorpion (D)
  A killer bee (D)
  A crimson imp (D)
  An orc priest (D)
  3 orc wizards (D)
  2 worker ants (D)
  2 shadow imps (D)
  A dart slug (D)
  20 orcs (D)
  A bat zombie (D)
  A hobgoblin (D)
  A frilled lizard (D)
  A kobold (D)
  A rat (D)
97 creatures vanquished.

Notes
Turn   | Place    | Note
-------+----------+-------------------------------------------
     0 | D        | Phlogiston the Formicid Fighter began the quest for the Orb.
     0 | D        | Reached XP level 1. HP: 18/18 MP: 1/1
    11 | D        | Reached XP level 2. HP: 25/25 MP: 2/2
   117 | D        | Noticed a centaur
   117 | D        | Noticed a scorpion
   117 | D        | Noticed a crimson imp
   125 | D        | Killed a centaur
   125 | D        | Reached skill level 5 in Fighting
   125 | D        | Reached skill level 5 in Polearms
   125 | D        | Reached skill level 5 in Armour
   125 | D        | Reached XP level 3. HP: 5/34 MP: 3/3
   125 | D        | Reached XP level 4. HP: 6/40 MP: 4/4
   128 | D        | Reached XP level 5. HP: 8/46 MP: 5/5
   132 | D        | Reached skill level 6 in Polearms
   148 | D        | Reached skill level 7 in Polearms
   148 | D        | Reached XP level 6. HP: 13/53 MP: 6/6
   153 | D        | Found a roughly hewn altar of Beogh.
   153 | D        | Found a snail-covered altar of Cheibriados.
   153 | D        | Found a shadowy altar of Dithmenos.
   153 | D        | Found a white marble altar of Elyvilon.
   153 | D        | Found a blossoming altar of Fedhas.
   153 | D        | Found an opulent altar of Gozag.
   154 | D        | Found a hazy altar of Hepliaklqana.
   155 | D        | Found a viscous altar of Jiyva.
   156 | D        | Found an ancient bone altar of Kikubaaqudgha.
   157 | D        | Found a corrupted altar of Lugonu.
   158 | D        | Found a burning altar of Makhleb.
   159 | D        | Found a sparkling altar of Nemelex Xobeh.
   160 | D        | Found an iron altar of Okawaru.
   165 | D        | Became a worshipper of Cheibriados the Contemplative
   179 | D        | Found a stormy altar of Qazlal.
   180 | D        | Found a sacrificial altar of Ru.
   181 | D        | Found a deep blue altar of Sif Muna.
   182 | D        | Found a bloodstained altar of Trog.
   183 | D        | Found a hide-covered altar of Uskayaw.
   184 | D        | Found a radiant altar of Vehumet.
   185 | D        | Found a shimmering altar of Xom.
   186 | D        | Found a basalt altar of Yredelemnul.
   187 | D        | Found a glowing silver altar of Zin.
   188 | D        | Found a glowing golden altar of the Shining One.
   376 | D        | Noticed a hill giant
   376 | D        | Noticed a hippogriff
   388 | D        | Killed a hill giant
   388 | D        | Reached skill level 10 in Polearms
   388 | D        | Reached skill level 1 in Dodging
   388 | D        | Reached skill level 5 in Invocations
   388 | D        | Reached XP level 7. HP: 29/62 MP: 6/10
   394 | D        | Reached * piety under Cheibriados
   394 | D        | Reached XP level 8. HP: 28/68 MP: 6/12
   399 | D        | Reached skill level 11 in Polearms
   401 | D        | Killed a hippogriff
   401 | D        | Reached ** piety under Cheibriados
   592 | D        | Noticed a vampire
   592 | D        | Noticed a troll
   596 | D        | Reached *** piety under Cheibriados
   598 | D        | Reached skill level 12 in Polearms
   605 | D        | Killed a vampire
   613 | D        | Killed a troll
   613 | D        | Reached **** piety under Cheibriados
   613 | D        | Reached skill level 10 in Shields
   613 | D        | Reached XP level 9. HP: 30/75 MP: 12/14
   614 | D        | Reached ***** piety under Cheibriados
   938 | D        | Noticed a spiny frog
   938 | D        | Noticed a spiny frog
   940 | D        | Reached skill level 13 in Polearms
   943 | D        | Noticed a rime drake
   951 | D        | Noticed an elephant
   952 | D        | Killed a spiny frog
   953 | D        | Killed a spiny frog
   953 | D        | Reached skill level 14 in Polearms
   953 | D        | Killed a rime drake
   953 | D        | Reached XP level 10. HP: 46/83 MP: 9/16
   957 | D        | Killed an elephant
  1409 | D        | Noticed a seven-headed hydra
  1409 | D        | Noticed a fire crab
  1410 | D        | Reached ****** piety under Cheibriados
  1410 | D        | Reached skill level 15 in Polearms
  1412 | D        | Killed a fire crab
  1412 | D        | Reached skill level 10 in Fighting
  1412 | D        | Reached skill level 10 in Invocations
  1413 | D        | Killed an eight-headed hydra
  1414 | D        | Noticed a komodo dragon
  1415 | D        | Noticed a black mamba
  1419 | D        | Killed a komodo dragon
  1419 | D        | Reached skill level 16 in Polearms
  1421 | D        | Killed a black mamba
  1629 | D        | Reached XP level 11. HP: 90/91 MP: 19/19
  1827 | D        | Noticed Erica
  1835 | D        | Killed Erica
  1835 | D        | Reached skill level 10 in Armour
  1921 | D        | Noticed an orc knight
  1930 | D        | Killed an orc knight
  2077 | D        | Noticed an orc high priest
  2080 | D        | Reached skill level 17 in Polearms
  2081 | D        | Killed an orc high priest
  2087 | D        | Noticed an orc high priest
  2103 | D        | Killed an orc high priest
  2248 | D        | Found Kabbeus's Gadget Emporium.
  2248 | D        | Noticed an orc sorcerer
  2248 | D        | Noticed an orc high priest
  2250 | D        | Noticed an orc high priest
  2251 | D        | Killed an orc sorcerer
  2252 | D        | Found Gehoiluw's Assorted Antiques.
  2254 | D        | Killed an orc high priest
  2254 | D        | Reached skill level 15 in Invocations
  2254 | D        | Killed an orc high priest
  2254 | D        | Reached XP level 12. HP: 89/100 MP: 12/23
  2255 | D        | Found Ylaviy's Assorted Antiques.
  2262 | D        | Found Ixti's Armour Shoppe.
  2276 | D        | Noticed a sun demon
  2319 | D        | Bought a cyan potion for 22 gold pieces
  2319 | D        | Bought a potion of heal wounds for 125 gold pieces
  2319 | D        | Bought a scroll labeled SIOSOORHOOKK for 25 gold pieces
  2319 | D        | Bought a potion of invisibility for 200 gold pieces
  2321 | D        | Bought a scroll labeled XUVATA FYPHAGH for 25 gold pieces
  2321 | D        | Bought a scroll labeled DEOLLONOOS for 25 gold pieces
  2321 | D        | Bought a fizzy purple potion for 22 gold pieces
  2321 | D        | Bought 2 fizzy purple potions for 45 gold pieces
  2332 | D        | Bought a scroll of identify for 50 gold pieces
  2334 | D        | Bought a scroll of remove curse for 75 gold pieces
  2334 | D        | Bought a scroll of identify for 50 gold pieces
  2338 | D        | Gained mutation: You have sharp fingernails. [potion of mutation]
  2338 | D        | Gained mutation: You possess an exceptional clarity of mind. [potion of mutation]
  2338 | D        | Gained mutation: Your spells are a little easier to cast, but a little less powerful. [potion of mutation]
  2339 | D        | Lost mutation: You have sharp fingernails. [potion of mutation]
  2339 | D        | Gained mutation: Your magical capacity is low. (-10% MP) [potion of mutation]
  2339 | D        | Gained mutation: You are resistant to hostile enchantments. (MR+) [potion of mutation]
  2340 | D        | Gained mutation: You are covered in fur. (AC +1) [potion of mutation]
  2340 | D        | Gained mutation: Your magical capacity is very low. (-20% MP) [potion of mutation]
  2389 | D        | Noticed Harold
  2397 | D        | Killed Harold
  2804 | D        | Noticed a four-headed hydra
  2804 | D        | Noticed a tengu warrior
  2807 | D        | Noticed a death knight
  2810 | D        | Killed a tengu warrior
  2810 | D        | Reached skill level 18 in Polearms
  2817 | D        | Noticed a stone giant
  2817 | D        | Killed a five-headed hydra
  2818 | D        | Killed a death knight
  2825 | D        | Noticed a frost giant
  2827 | D        | Noticed a rakshasa
  2831 | D        | Killed a stone giant
  2833 | D        | Killed from afar by a frost giant

Vault maps used:
D:        linesprint

Skill      XL: |  1  2  3  4  5  6  7  8  9 10 11 12 |
---------------+-------------------------------------+-----
Shields        | 4 6 7 9 10 11 12 13 | 13.5
Fighting       | 5 6 8 9 10 11 12 | 12.1
Polearms       | 5 7 10 12 14 16 17 18 | 18.3
Armour         | 5 6 7 8 9 10 11 | 11.5
Dodging        | 1 |  1.4
Invocations    | 5 7 9 11 15 17 | 17.9

Action                   |  1- 3 |  4- 6 |  7- 9 | 10-12 || total
-------------------------+-------+-------+-------+-------++-------
Melee: Trident           |    13 |    20 |       |       ||    33
       Halberd           |       |    11 |    51 |   113 ||   175
Invok: Slouch            |       |       |     2 |    15 ||    17
Evoke: Wand              |       |       |       |     1 ||     1
  Use: Potion            |     1 |     1 |       |     6 ||     8
       Scroll            |       |       |       |     3 ||     3
 Stab: Invisible         |       |     1 |     2 |       ||     3
  Eat: Bread ration      |       |       |       |     1 ||     1
       Chunk             |       |       |       |     1 ||     1
Armor: Scale mail        |     2 |     2 |       |       ||     4
       Plate armour      |       |     2 |    17 |    24 ||    43
Dodge: Dodged            |     3 |    10 |    16 |    11 ||    40
Block: Shield            |     8 |    14 |    27 |    47 ||    96
